 Dungeon Crawl Stone Soup version 0.21-a0-632-g1e37ce5 (webtiles) character file.

15 wazuzu the Insei (level 2, 0/23 HPs)
             Began as a Gnoll Transmuter on Dec 27, 2017.
             Slain by a hobgoblin (5 damage)
             ... on level 1 of the Dungeon.
             The game lasted 00:00:43 (443 turns).

wazuzu the Insei (Gnoll Transmuter)                  Turns: 443, Time: 00:00:44

Health: 0/23       AC:  2    Str: 12    XL:     2   Next: 50%
Magic:  7/7        EV: 14    Int: 15    God:
Gold:   30         SH:  0    Dex: 15    Spells: 9/10 levels left

rFire    . . .     SeeInvis .     - Unarmed
rCold    . . .     Gourm    .   (no shield)
rNeg     . . .     Faith    .   b - +0 robe
rPois    .         Spirit   .   (no helmet)
rElec    .         Reflect  .   (no cloak)
rCorr    .         Harm     .   (no gloves)
MR       .....                  (no boots)
Stlth    ++........             (no amulet)
HPRegen  0.07/turn              (no ring)
MPRegen  0.10/turn              (no ring)

@: no status effects
A: distributed training, fangs 1, strong nose
a: no special abilities


You were on level 1 of the Dungeon.
You were not hungry.

You visited 1 branch of the dungeon, and saw 1 of its levels.

You collected 30 gold pieces.

Inventory:

Missiles
 a - 12 arrows
Armour
 b - a +0 robe (worn)
Scrolls
 e - a scroll of blinking {unknown}
 f - a scroll of random uselessness {unknown}
 i - a scroll of magic mapping {unknown}
 k - a scroll of amnesia {unknown}
 l - a scroll of identify {unknown}
Potions
 g - a potion of haste {unknown}
 h - a potion of resistance {unknown}
Books
 c - a book of Changes

   Spells                             Type                      Level
   a - Beastly Appendage              Transmutation                1
   b - Sticks to Snakes               Transmutation                2
   c - Spider Form                    Transmutation/Poison         3
   d - Ice Form                       Ice/Transmutation            4
   e - Blade Hands                    Transmutation                5
Comestibles
 d - 2 rations
 j - a chunk of flesh


   Skills:
 + Level 2.5 Fighting
 + Level 0.4 Short Blades
 + Level 0.4 Long Blades
 + Level 0.4 Axes
 + Level 0.4 Maces & Flails
 + Level 0.4 Polearms
 + Level 0.4 Staves
 + Level 0.4 Slings
 + Level 0.4 Bows
 + Level 0.4 Crossbows
 + Level 0.4 Throwing
 + Level 0.4 Armour
 + Level 4.5 Dodging
 + Level 0.4 Stealth
 + Level 0.4 Shields
 + Level 6.5 Unarmed Combat
 + Level 4.9 Spellcasting
 + Level 0.2 Conjurations
 + Level 0.2 Hexes
 + Level 0.2 Charms
 + Level 0.2 Summonings
 + Level 0.2 Necromancy
 + Level 0.2 Translocations
 + Level 3.7 Transmutations
 + Level 0.2 Fire Magic
 + Level 0.2 Ice Magic
 + Level 0.2 Air Magic
 + Level 0.2 Earth Magic
 + Level 0.2 Poison Magic
 + Level 0.5 Invocations
 + Level 0.4 Evocations


You had 9 spell levels left.
You knew the following spells:

 Your Spells              Type           Power        Failure   Level  Hunger
a - Beastly Appendage     Tmut           ##....       3%          1    None


Dungeon Overview and Level Annotations

Branches:
Dungeon (1/15)

Altars:


Innate Abilities, Weirdness & Mutations

Your experience applies equally to all skills.
You have very sharp teeth.
Your uncanny sense of smell can sniff out nearby items.


Message History

The kobold is severely wounded.
The hobgoblin barely misses you. The kobold misses you.
You hit the kobold but do no damage.
The kobold is severely wounded.
The hobgoblin hits you. The kobold closely misses you.
You are too injured to fight recklessly!
You are too injured to fight recklessly!
You are too injured to fight recklessly!
You closely miss the kobold. Your bite misses the kobold.
The kobold is severely wounded.
The hobgoblin barely misses you. The kobold hits you.
You hit the kobold but do no damage.
The kobold is severely wounded.
The hobgoblin hits you.
* * * LOW HITPOINT WARNING * * *
The kobold closely misses you.
You punch the kobold!
You kill the kobold!
The hobgoblin hits you.
You die...

#........# #........#
###'#####'##
#.........# #
#.........# ∆∆ .#
#.........# #####+##..#
#.........# #........>#
###.#####.# #....(....#
#.#####.###...@.....#
###'#...#....(...g....#
........#####.......[.#
........# #.........#
†)......# #########.#
........# # ###...###
#...# #...#


You could see a hobgoblin.

Vanquished Creatures
  A dart slug (D:1)
  A giant cockroach (D:1)
  2 goblins (D:1)
  2 hobgoblins (D:1)
  3 bats (D:1)
  2 kobolds (D:1)
  A rat (D:1)
12 creatures vanquished.

Notes
Turn   | Place    | Note
-------+----------+-------------------------------------------
     0 | D:1      | wazuzu the Gnoll Transmuter began the quest for the Orb.
     0 | D:1      | Reached XP level 1. HP: 17/17 MP: 6/6
   368 | D:1      | Reached XP level 2. HP: 23/23 MP: 7/7
   443 | D:1      | Slain by a hobgoblin

Vault maps used:
D:1:      eino_arrival_water_star, minmay_misc_feat_rows

Action                   || total
-------------------------++-------
Melee: Unarmed           ||    35
       Punch             ||     1
       Bite              ||     1
 Stab: Distracted        ||     1
       Sleeping          ||     1
Armor: Robe              ||     7
Dodge: Dodged            ||    28

Table legend:
 A = Spawn XP
 B = Non-spawn XP
 C = Spawn XP percentage of total XP
 D = Spawn monster count
 E = Non-spawn monster count
 F = Spawn count percentage of total count
 G = Total turns spent on level
                    A         B        C        D         E        F      G
               +---------+---------+-------+---------+---------+-------+---------
         Total |       0 |      22 |   0.0 |       0 |      12 |   0.0 |   443
               +---------+---------+-------+---------+---------+-------+---------
           D:1 |       0 |      22 |   0.0 |       0 |      12 |   0.0 |   443
               +---------+---------+-------+---------+---------+-------+---------
